NYP
VANCOUVER CANADIANS @ SPOKANE INDIANS
07/11/2044
 
TOP OF THE 1ST
Vancouver Canadians batting - Pitching for Spokane Indians : RHP Abel Cerejeira
Pitching: RHP Abel Cerejeira
Batting: RHB Laroya Foronda 0-0: Ball
1-0: Ball
2-0: Foul Ball, location: 2F
2-1: Foul Ball, location: 2F
2-2: Ground out U3 (Groundball, 3, EV 80.0 MPH)
Batting: RHB Jose Garate 0-0: Swinging Strike
0-1: Foul Ball, location: 2F
0-2: Ball
1-2: Foul Ball, location: 2F
1-2: Ball
2-2: Strikes out swinging
Batting: RHB Kyle Scruggs 0-0: Called Strike
0-1: SOLO HOME RUN (Flyball, 9D, EV 96.3 MPH), Distance : 368 ft
Batting: RHB Cesar Chavez 0-0: Called Strike
0-1: Called Strike
0-2: Strikes out looking
Top of the 1st over - 1 run, 1 hit, 0 errors, 0 left on base; Vancouver 1 - Spokane 0
BOTTOM OF THE 1ST
Spokane Indians batting - Pitching for Vancouver Canadians : RHP Jai-guo Xia
Pitching: RHP Jai-guo Xia
Batting: LHB Willie Calderon 0-0: Ball
1-0: Ball
2-0: Called Strike
2-1: Ball
3-1: Base on Balls
Batting: RHB Salvador Caldera 0-0: Ball
Willie Calderon steals 2nd base
1-0: Foul Ball, location: 2F
1-1: Foul Ball, location: 2F
1-2: Ball
2-2: Ball
3-2: Strikes out swinging
Batting: LHB William Hanley 0-0: Ball
1-0: Called Strike
1-1: Ball
Wild Pitch!
Willie Calderon to third
2-1: Foul Ball, location: 2F
2-2: Ball
3-2: Base on Balls
Batting: LHB Guo-ning Ren 0-0: Ball
1-0: Ball
2-0: Ball
3-0: Fly out, F8 (Flyball, 8LXD, EV 103.8 MPH)
Runner from 3rd tags up, SCORES, no throw by CF
Pitching: RHP Alexis Martinez
Batting: RHB Roberto Contreras 0-0: Ball
1-0: Ball
2-0: Ball
3-0: Called Strike
3-1: Base on Balls
William Hanley to second
Batting: RHB Zi-jing Wang 0-0: Ball
1-0: Ball
2-0: Foul Ball, location: 2F
2-1: Ball
3-1: Fly out, F8 (Flyball, 8RD, EV 86.9 MPH)
Bottom of the 1st over - 1 run, 0 hits, 0 errors, 2 left on base; Vancouver 1 - Spokane 1
TOP OF THE 2ND
Vancouver Canadians batting - Pitching for Spokane Indians : RHP Abel Cerejeira
Batting: LHB Curt Maxwell 0-0: Called Strike
0-1: Swinging Strike
0-2: Ball
1-2: Foul Ball, location: 2F
1-2: Ball
2-2: Ground out 5-3 (Groundball, 5D, EV 100.6 MPH)
Batting: RHB Brian Manson 0-0: Called Strike
0-1: Ball
1-1: Called Strike
1-2: Fly out, F8 (Flyball, 8LS, EV 91.3 MPH)
Batting: RHB Carlos Renteria 0-0: Ball
1-0: Ball
2-0: Ball
3-0: Called Strike
3-1: Foul Ball, location: 2F
3-2: Ground out 3-1 (Groundball, 34, EV 99.4 MPH)
Top of the 2nd over - 0 runs, 0 hits, 0 errors, 0 left on base; Vancouver 1 - Spokane 1
BOTTOM OF THE 2ND
Spokane Indians batting - Pitching for Vancouver Canadians : RHP Alexis Martinez
Batting: RHB Dave Brabo 0-0: Ball
1-0: Foul Ball, location: 2F
1-1: Ground out 3-1 (Groundball, 34S, EV 63.8 MPH)
Batting: RHB Alex Vasquez 0-0: Ball
1-0: Ball
2-0: Ball
3-0: Ground out 4-3 (Groundball, 4M, EV 83.8 MPH)
Batting: RHB Roberto Monzon 0-0: Swinging Strike
0-1: TRIPLE (Line Drive, 89XD, EV 110.6 MPH)
Batting: LHB Willie Calderon 0-0: Foul Ball, location: 2F
0-1: Foul Ball, location: 2F
0-2: Ground out 4-3 (Groundball, 34, EV 86.9 MPH)
Bottom of the 2nd over - 0 runs, 1 hit, 0 errors, 1 left on base; Vancouver 1 - Spokane 1
TOP OF THE 3RD
Vancouver Canadians batting - Pitching for Spokane Indians : RHP Abel Cerejeira
Batting: RHB Bryan Peterson 0-0: Called Strike
0-1: Ball
1-1: Foul Ball, location: 2F
1-2: Ball
2-2: Foul Ball, location: 2F
2-2: Ball
3-2: Fly out, F7 (Flyball, 78S, EV 91.9 MPH)
Batting: RHB Justin Powell 0-0: Ball
1-0: Foul Ball, location: 2F
1-1: Foul Ball, location: 2F
1-2: Ground out 4-3 (Groundball, 4M, EV 81.3 MPH)
Batting: RHB Laroya Foronda 0-0: Ball
1-0: Called Strike
1-1: Called Strike
1-2: Ball
2-2: Foul Ball, location: 2F
2-2: Strikes out swinging
Top of the 3rd over - 0 runs, 0 hits, 0 errors, 0 left on base; Vancouver 1 - Spokane 1
BOTTOM OF THE 3RD
Spokane Indians batting - Pitching for Vancouver Canadians : RHP Alexis Martinez
Batting: RHB Salvador Caldera 0-0: Ball
1-0: Called Strike
1-1: Ball
2-1: Called Strike
2-2: Strikes out swinging, 2-3 out at first.
Batting: LHB William Hanley 0-0: Called Strike
0-1: Fly out, F7 (Flyball, 78M, EV 91.9 MPH)
Batting: LHB Guo-ning Ren 0-0: Ball
1-0: Ball
2-0: Ball
3-0: Called Strike
3-1: Base on Balls
Pitching: LHP Ben Moore
Batting: RHB Roberto Contreras 0-0: Called Strike
0-1: Ball
1-1: Fly out, F7 (Flyball, 7S, EV 93.8 MPH)
Bottom of the 3rd over - 0 runs, 0 hits, 0 errors, 1 left on base; Vancouver 1 - Spokane 1
TOP OF THE 4TH
Vancouver Canadians batting - Pitching for Spokane Indians : RHP Abel Cerejeira
Batting: RHB Jose Garate 0-0: Called Strike
0-1: Swinging Strike
0-2: Ball
1-2: Ball
2-2: Strikes out swinging
Batting: RHB Kyle Scruggs 0-0: Ground out 2-3 (Groundball, 13S, EV 66.9 MPH)
Batting: RHB Cesar Chavez 0-0: Called Strike
0-1: Called Strike
0-2: Foul Ball, location: 2F
0-2: Strikes out swinging
Top of the 4th over - 0 runs, 0 hits, 0 errors, 0 left on base; Vancouver 1 - Spokane 1
BOTTOM OF THE 4TH
Spokane Indians batting - Pitching for Vancouver Canadians : LHP Ben Moore
Batting: RHB Zi-jing Wang 0-0: Ball
1-0: Ball
2-0: Called Strike
2-1: DOUBLE (Flyball, 8RXD, EV 99.4 MPH)
Batting: RHB Dave Brabo 0-0: Ball
1-0: DOUBLE (Line Drive, 7LD, EV 105.6 MPH)
Zi-jing Wang scores
Batting: RHB Alex Vasquez 0-0: Ball
Dave Brabo steals 3rd base
1-0: Ball
2-0: Ball
3-0: Ground out 5-3 (Groundball, 56S, EV 81.9 MPH)
Dave Brabo scores
Batting: RHB Roberto Monzon 0-0: Called Strike
0-1: Ball
1-1: Foul Ball, location: 2F
1-2: Ball
2-2: Strikes out swinging
Batting: LHB Willie Calderon 0-0: Ball
1-0: Foul Ball, location: 2F
1-1: Fly out, F6 (Popup, 6S, EV 72.5 MPH)
Bottom of the 4th over - 2 runs, 2 hits, 0 errors, 0 left on base; Vancouver 1 - Spokane 3
TOP OF THE 5TH
Vancouver Canadians batting - Pitching for Spokane Indians : RHP Abel Cerejeira
Batting: LHB Curt Maxwell 0-0: Foul Ball, location: 2F
0-1: Ball
1-1: Ball
2-1: Ground out 3-1 (Groundball, 34S, EV 79.4 MPH)
Batting: RHB Brian Manson 0-0: Ball
1-0: SINGLE (Groundball, 6MD, EV 103.1 MPH) (infield hit)
Batting: RHB Carlos Renteria 0-0: Ball
Brian Manson is caught stealing 2nd base 2-4
1-0: Foul Ball, location: 2F
1-1: Swinging Strike
1-2: Strikes out looking
Top of the 5th over - 0 runs, 1 hit, 0 errors, 0 left on base; Vancouver 1 - Spokane 3
BOTTOM OF THE 5TH
Spokane Indians batting - Pitching for Vancouver Canadians : LHP Ben Moore
Batting: RHB Salvador Caldera 0-0: Called Strike
0-1: Ball
1-1: Swinging Strike
1-2: Foul Ball, location: 2F
1-2: Ball
2-2: Ball
3-2: Foul Ball, location: 2F
3-2: Foul Ball, location: 2F
3-2: Foul Ball, location: 2F
3-2: Ground out 5-3 (Groundball, 5, EV 84.4 MPH)
Pitching: RHP Gilbert Weeks
Batting: LHB William Hanley 0-0: Swinging Strike
0-1: Fly out, F8 (Flyball, 8LM, EV 79.4 MPH)
Batting: LHB Guo-ning Ren 0-0: Ball
1-0: SINGLE (Groundball, 4D, EV 111.3 MPH)
Batting: RHB Roberto Contreras 0-0: Called Strike
Guo-ning Ren steals 2nd base
0-1: Foul Ball, location: 2F
0-2: Ball
1-2: Ball
2-2: Strikes out swinging
Bottom of the 5th over - 0 runs, 1 hit, 0 errors, 1 left on base; Vancouver 1 - Spokane 3
TOP OF THE 6TH
Vancouver Canadians batting - Pitching for Spokane Indians : RHP Abel Cerejeira
Batting: RHB Bryan Peterson 0-0: Foul Ball, location: 2F
0-1: Ball
1-1: Foul Ball, location: 2F
1-2: Ball
2-2: Foul Ball, location: 2F
2-2: Ball
3-2: Strikes out swinging
Batting: RHB Justin Powell 0-0: Called Strike
0-1: Ground out 4-3 (Groundball, 4M, EV 86.3 MPH)
Batting: RHB Laroya Foronda 0-0: Ball
1-0: Ball
2-0: Swinging Strike
2-1: Ball
3-1: Called Strike
3-2: Foul Ball, location: 2F
3-2: Base on Balls
Batting: RHB Jose Garate 0-0: Called Strike
Laroya Foronda steals 2nd base (no throw)
0-1: Ball
1-1: Ball
2-1: Swinging Strike
2-2: Strikes out swinging
Top of the 6th over - 0 runs, 0 hits, 0 errors, 1 left on base; Vancouver 1 - Spokane 3
BOTTOM OF THE 6TH
Spokane Indians batting - Pitching for Vancouver Canadians : RHP Gilbert Weeks
Batting: RHB Zi-jing Wang 0-0: Ball
1-0: Fly out, F9 (Flyball, 9S, EV 89.4 MPH)
Batting: RHB Dave Brabo 0-0: Called Strike
0-1: Ground out 5-3 (Groundball, 56, EV 89.4 MPH)
Batting: RHB Alex Vasquez 0-0: Ball
1-0: Foul Ball, location: 2F
1-1: Ball
2-1: Swinging Strike
2-2: Strikes out swinging
Bottom of the 6th over - 0 runs, 0 hits, 0 errors, 0 left on base; Vancouver 1 - Spokane 3
TOP OF THE 7TH
Vancouver Canadians batting - Pitching for Spokane Indians : RHP Abel Cerejeira
Now at 1B: Kazuo Morita
Batting: RHB Kyle Scruggs 0-0: Ball
1-0: Foul Ball, location: 2F
1-1: Ball
2-1: Foul Ball, location: 2F
2-2: SINGLE (Groundball, 56D, EV 100.0 MPH)
Pinch Hitting: SHB Harrison Feist 0-0: Foul Ball, location: 2F
0-1: Ball
1-1: Fly out, F6 (Line Drive, 4, EV 67.5 MPH)
Batting: LHB Curt Maxwell 0-0: Fly out, F8 (Flyball, 8LM, EV 89.4 MPH)
Pinch Hitting: LHB Edgar Castillo 0-0: Foul Ball, location: 2F
0-1: Ball
Wild Pitch!
Kyle Scruggs to second
1-1: Called Strike
1-2: Strikes out swinging
Top of the 7th over - 0 runs, 1 hit, 0 errors, 1 left on base; Vancouver 1 - Spokane 3
BOTTOM OF THE 7TH
Spokane Indians batting - Pitching for Vancouver Canadians : RHP Gilbert Weeks
Now at 2B: Jim Rogers
Now in CF: Justin Powell
Now in RF: Edgar Castillo
Batting: RHB Roberto Monzon 0-0: Called Strike
0-1: Ball
1-1: Swinging Strike
1-2: Ball
2-2: Ball
3-2: Strikes out swinging
Batting: LHB Willie Calderon 0-0: Foul Ball, location: 2F
0-1: Foul Ball, location: 2F
0-2: Ball
1-2: Ball
2-2: Strikes out swinging
Batting: RHB Salvador Caldera 0-0: Called Strike
0-1: Ball
1-1: Foul Ball, location: 2F
1-2: Ground out 5-3 (Groundball, 56, EV 93.1 MPH)
Bottom of the 7th over - 0 runs, 0 hits, 0 errors, 0 left on base; Vancouver 1 - Spokane 3
TOP OF THE 8TH
Vancouver Canadians batting - Pitching for Spokane Indians : RHP Abel Cerejeira
Pitching: RHP Victor Benitez
Batting: RHB Carlos Renteria 0-0: Ball
1-0: Called Strike
1-1: Foul Ball, location: 2F
1-2: Strikes out swinging
Batting: RHB Bryan Peterson 0-0: Ball
1-0: Ball
2-0: Called Strike
2-1: Ball
3-1: Base on Balls
Batting: RHB Justin Powell 0-0: Ball
1-0: SINGLE (Groundball, 56, EV 103.8 MPH) (infield hit)
Bryan Peterson to second
Pinch Hitting: LHB Cedric Saunders 0-0: Ball
1-0: Fielders Choice at 2nd, 4-6 (Groundball, 13, EV 78.8 MPH)
Bryan Peterson to third
Pinch Hitting: LHB Jesus Prado 0-0: Ball
1-0: Called Strike
1-1: Swinging Strike
1-2: Ball
2-2: Foul Ball, location: 2F
2-2: Strikes out swinging
Top of the 8th over - 0 runs, 1 hit, 0 errors, 2 left on base; Vancouver 1 - Spokane 3
BOTTOM OF THE 8TH
Spokane Indians batting - Pitching for Vancouver Canadians : RHP Gilbert Weeks
Pitching: LHP John Joaquin
Now at 1B: Jesus Prado
Now in LF: Edgar Castillo
Now in RF: Jonathan Klemm
Pinch Hitting: RHB Tyler Farver 0-0: Fly out, F4 (Popup, 4M, EV 58.8 MPH)
Batting: LHB Guo-ning Ren 0-0: Ball
1-0: Swinging Strike
1-1: Swinging Strike
1-2: Strikes out swinging, 2-3 out at first.
Pitching: RHP Ashton Klinger
Batting: RHB Kazuo Morita 0-0: Foul Ball, location: 2F
0-1: Swinging Strike
0-2: Fly out, F8 (Flyball, 8RS, EV 71.9 MPH)
Bottom of the 8th over - 0 runs, 0 hits, 0 errors, 0 left on base; Vancouver 1 - Spokane 3
TOP OF THE 9TH
Vancouver Canadians batting - Pitching for Spokane Indians : RHP Victor Benitez
Pitching: RHP Hector Contreras
Now in RF: Dongdo-pa Mai
Batting: RHB Kyle Scruggs 0-0: Called Strike
0-1: Ball
1-1: Swinging Strike
1-2: Strikes out swinging
Pinch Hitting: LHB Tatsuyuki Yamada 0-0: Ball
1-0: Ground out 4-3 (Groundball, 4MD, EV 90.0 MPH)
Pitching: LHP Aapo Talonen
Batting: RHB Matt Nycz 0-0: Ball
1-0: Ball
2-0: Ground out 6-3 (Groundball, 6, EV 88.1 MPH)
Top of the 9th over - 0 runs, 0 hits, 0 errors, 0 left on base; Vancouver 1 - Spokane 3
Thursday, March 31st , 2022 - OOTP Baseball 22.12 Build 89